 Dungeon Crawl Stone Soup version 0.22-a0-247-gbddf880 (webtiles) character file.

8391 Firecrotchwizard the Slicer (level 11, -3/62 HPs)
             Began as a Vine Stalker Berserker on Feb 23, 2018.
             Was a High Priest of Trog.
             Slain by an unseen horror (5 damage)
             ... on level 9 of the Dungeon.
             The game lasted 00:23:07 (9844 turns).

Firecrotchwizard the Slicer (VSBe)                  Turns: 9844, Time: 00:23:08

Health: -3/62      AC:  6    Str: 20    XL:     11   Next: 30%
Magic:  0/12       EV: 15    Int:  7    God:    Trog [*****.]
Gold:   479        SH:  0    Dex: 17    Spells: 10/10 levels left

rFire    + . .     SeeInvis .   C - +5 dagger (curse)
rCold    . . .     Gourm    .   (no shield)
rNeg     . . .     Faith    .   v - +2 ring mail {rF+}
rPois    .         Spirit   +   m - +0 helmet
rElec    .         Reflect  .   y - +0 cloak
rCorr    .         Harm     .   (no gloves)
MR       +....                  (no boots)
Stlth    +.........             (no amulet)
HPRegen  0.60/turn              o - ring of flight {+Fly, !d}
MPRegen  0.13/turn              (no ring)

@: about to teleport, corroded, studying Fighting
A: fangs 3, regeneration 1, magic shield, antimagic bite, no potion heal 3, rot
immunity
a: Berserk, Trog's Hand, Brothers in Arms, Renounce Religion, Evoke Flight


You were on level 9 of the Dungeon.
You worshipped Trog.
Trog was extremely pleased with you.
You were not hungry.

You visited 1 branch of the dungeon, and saw 9 of its levels.

You collected 479 gold pieces.

Inventory:

Hand Weapons
 C - a cursed +5 dagger (weapon)
   (You took it off a wight on level 5 of the Dungeon)
 I - a +1 antimagic dagger
   (Trog gifted it to you on level 8 of the Dungeon)
Armour
 m - a +0 helmet (worn)
   (You found it on level 1 of the Dungeon)
 v - a +2 ring mail of fire resistance (worn)
   (You found it on level 4 of the Dungeon)
 y - a +0 cloak (worn)
   (You found it on level 5 of the Dungeon)
Jewellery
 o - a ring of flight (left hand) {+Fly, !d}
   (You found it on level 4 of the Dungeon)
Wands
 B - a wand of paralysis (6)
   (You found it on level 5 of the Dungeon)
 F - a wand of random effects (33)
   (You took it off Duvessa on level 6 of the Dungeon)
Scrolls
 a - a scroll of brand weapon {unknown}
 b - 3 scrolls of magic mapping {unknown}
 f - 2 scrolls of identify
 q - 2 scrolls of teleportation
 w - a scroll of random uselessness
Potions
 e - 6 potions of curing
 g - 3 potions of resistance
 h - a potion of mutation {unknown}
 i - 3 potions of heal wounds
 j - 4 potions of flight {unknown}
 k - 2 potions of degeneration {unknown}
 l - 2 potions of might {unknown}
 p - 2 potions of haste {unknown}
 x - a potion of lignification {unknown}
Books
 r - a manual of Fighting {!d}
   (You found it on level 9 of the Dungeon)
Miscellaneous
 n - a crystal ball of energy
   (You found it on level 9 of the Dungeon)
Comestibles
 c - 25 rations {@e1}
 d - 2 chunks of flesh {@w0}


   Skills:
 + Level 9.6 Fighting
 - Level 10.0 Short Blades
 + Level 5.8 Armour
 + Level 5.8 Dodging


You had 10 spell levels left.
You didn't know any spells.

Dungeon Overview and Level Annotations

Branches:
Dungeon (9/15)             Temple (0/1) D:6            Lair (0/6) D:8
    Orc: D:9-12

Altars:
Ashenzari
Cheibriados
Fedhas
Gozag
Makhleb
Sif Muna
Xom
Yredelemnul
The Shining One

Shops:
D:4 [*=

Annotations:
D:6 1 runed door


Innate Abilities, Weirdness & Mutations

You have razor-sharp teeth.
Your natural rate of healing is unusually fast.
When hurt, damage is shared between your health and your magic reserves.
Your bite disrupts and absorbs the magic of your enemies.
Potions cannot restore your health.
You are immune to rotting.


Message History

Throwing (i - inventory)
H - 2 javelins (quivered)
Aim: a crimson imp You throw a javelin.
The javelin barely misses the crimson imp.
The crimson imp blinks!
A jelly comes into view.
Throwing (i - inventory)
H - a javelin (quivered)
Aim: a troll You throw a javelin.
The javelin hits the troll.
The troll bites you but does no damage. The troll misses you.
The troll barely misses you.
You hit the troll. Your bite misses the troll. The troll closely misses you.
The troll barely misses you. The troll claws you!
You take 6 damage, and have 56/62 hp.
You now have 11/12 mp.
You barely miss the troll. You bite the troll. You drain its power.
You feel invigorated.
The crimson imp blinks!
MP restored: 12 You hit the troll.
The troll bites you but does no damage. The troll claws you!
The troll closely misses you.
You take 8 damage, and have 48/62 hp.
You now have 10/12 mp.
You completely miss the troll. Your bite misses the troll.
You puncture the troll!
The troll misses you. x2; The troll claws you.
You take 3 damage, and have 45/62 hp.
You hit the troll. You bite the troll. You drain its power.
You feel invigorated.
MP restored: 12 You puncture the troll!
You bite the troll. You drain its power. The troll bites you.
The troll claws you but does no damage. The troll barely misses you.
You take 2 damage, and have 44/62 hp.
You now have 11/12 mp.
You hit the troll but do no damage. The crimson imp barely misses you.
You hit the troll. You bite the troll, but do no damage.
The troll completely misses you. The troll claws you.
The troll claws you but does no damage.
You take 1 damage, and have 43/62 hp.
You now have 10/12 mp.
You hit the troll.
The crimson imp blinks!
You hit the troll. Your bite misses the troll. The troll barely misses you.
The troll claws you but does no damage. The troll claws you!
You take 10 damage, and have 34/62 hp.
You now have 8/12 mp.
You are too injured to fight recklessly!
You are too injured to fight recklessly!
You puncture the troll!
You kill the troll!
Trog accepts your kill.
You hit the jelly.
Your hands burn!
You hit the jelly. The acid corrodes you!
Your hands burn!
Your bite misses the jelly. The jelly barely misses you.
You take 2 damage, and have 32/62 hp.
You now have 7/12 mp.
You hit the jelly.
Your hands burn!
You take 3 damage, and have 29/62 hp.
You now have 6/12 mp.
You hit the jelly.
You kill the jelly!
Trog accepts your kill. Something hits you!
Deactivating autopickup; reactivate with Ctrl-A.
You take 7 damage, and have 22/62 hp.
You now have 5/12 mp.
You hit something but do no damage. You bite something. You drain its power.
You feel invigorated. Something hits you.
The crimson imp blinks!
Something hits you but does no damage.
You take 2 damage, and have 20/62 hp.
You regained 2 mp, and now have 7/12 mp.
You hit something. You bite something. Something hits you but does no damage.
You closely miss something. Something hits you.
* * * LOW HITPOINT WARNING * * *
You take 3 damage, and have 17/62 hp.
You now have 6/12 mp.
You barely miss something. You bite something. Something hits you.
* * * LOW HITPOINT WARNING * * *
You take 2 damage, and have 15/62 hp.
You now have 5/12 mp.
You barely miss something. Your bite misses something.
Something barely misses you. Something hits you but does no damage.
You barely miss something. You closely miss something. Something hits you.
* * * LOW HITPOINT WARNING * * *
Something hits you!
* * * LOW HITPOINT WARNING * * *
You take 5 damage, and have 10/62 hp.
You now have 3/12 mp.
You barely miss something. Your bite misses something. Something hits you.
* * * LOW HITPOINT WARNING * * *
The crimson imp blinks!
You take 3 damage, and have 7/62 hp.
You now have 2/12 mp.
You barely miss something. Something hits you!
* * * LOW HITPOINT WARNING * * *
Something hits you but does no damage.
You take 6 damage, and have 1/62 hp.
You now have 1/12 mp.
You hit something but do no damage. You hit something but do no damage.
Something hits you.
* * * LOW HITPOINT WARNING * * *
Something barely misses you.
You take 1 damage, and have 1/62 hp.
You hit something but do no damage. Your bite misses something.
You hit something. You bite something. Something completely misses you.
Something hits you but does no damage.
A red ugly thing comes into view.
You barely miss something. Your bite misses something.
Something barely misses you.
The crimson imp blinks!
Okay, then.
As you read the scroll of teleportation, it crumbles to dust.
You feel strangely unstable. Something hits you but does no damage.
Something hits you.
You die...

##..........#.......(#.##....####
.....(.....###.....#.#.#.....#...
..........(#.###.###..##.....#...
..........##..........#......#...
..........#..........##......#...
...#.....##..#.#ยง#.#.#.......####
...+.>...#.# #.#.#.###...........
........##. ..#.#..#............
........#. #. #@#.##............
.......## |#. #{#.#.............
.......# #u###.............
......## 5..#..............
......# ..##......+..##... ...(..#
..(#....#......#.##
....(.############...............
......................#..........
#...(.................#......#.#.


You could see a red ugly thing and a crimson imp.

Vanquished Creatures
  A two-headed ogre (D:8)
  3 trolls
  A queen bee (D:8)
  A hippogriff (D:9)
  A wyvern (D:9)
  A yak (D:8)
  A steam dragon (D:9)
  Menkaure (D:6)
  A water moccasin (D:5)
  2 orc warriors (D:9)
  2 porcupines
  Duvessa (D:6)
  3 sky beasts
  A phantom (D:6)
  5 black bears
  A necrophage (D:9)
  4 ogres
  3 centaurs
  A crocodile (D:8)
  2 big kobolds (D:8)
  7 bullfrogs
  2 wyvern skeletons
  Dowan (D:6)
  3 scorpions (D:8)
  8 wights
  23 killer bees
  3 crimson imps
  2 quasits
  2 centaur skeletons
  3 hounds
  5 jellies
  13 orc wizards
  8 orc priests
  2 bullfrog skeletons
  Jessica (D:3)
  3 iguanas
  Terence (D:2)
  8 worker ants
  A killer bee zombie (D:8)
  A hound skeleton (D:9)
  A hound zombie (D:8)
  8 gnolls
  13 adders
  An adder zombie (D:9)
  2 adder skeletons
  A worm (D:4)
  3 dart slugs (D:2)
  6 leopard geckos
  36 orcs
  6 giant cockroaches
  9 hobgoblins
  12 jackals
  3 quokkas
  7 bats
  7 frilled lizards
  6 goblins (D:1)
  A jackal skeleton (D:4)
  13 kobolds
  A quokka skeleton (D:4)
  A quokka zombie (D:6)
  9 rats
279 creatures vanquished.

Vanquished Creatures (others)
  9 fungi (D:8)
  A plant (D:8)
10 creatures vanquished.

Grand Total: 289 creatures vanquished

Notes
Turn   | Place    | Note
-------+----------+-------------------------------------------
     0 | D:1      | Firecrotchwizard the Vine Stalker Berserker began the quest for the Orb.
     0 | D:1      | Reached XP level 1. HP: 11/11 MP: 2/2
    56 | D:1      | HP: 1/11 [hobgoblin (2)]
    57 | D:1      | Reached skill level 3 in Short Blades
    60 | D:1      | Reached XP level 2. HP: 2/16 MP: 1/3
   500 | D:1      | Reached skill level 3 in Fighting
   812 | D:1      | Reached XP level 3. HP: 17/20 MP: 4/4
  1023 | D:1      | Reached ** piety under Trog
  1652 | D:2      | Gained mutation: Your natural rate of healing is unusually fast. [Vine Stalker growth]
  1652 | D:2      | Reached XP level 4. HP: 17/24 MP: 2/5
  1821 | D:2      | Found an opulent altar of Gozag.
  1828 | D:2      | Reached skill level 4 in Short Blades
  2067 | D:2      | Reached XP level 5. HP: 26/28 MP: 6/6
  2259 | D:2      | Found a blossoming altar of Fedhas.
  2332 | D:3      | Noticed Terence
  2358 | D:2      | Killed Terence
  2525 | D:3      | Noticed Jessica
  2536 | D:3      | Killed Jessica
  2642 | D:3      | Found a snail-covered altar of Cheibriados.
  2913 | D:3      | Found a shattered altar of Ashenzari.
  2919 | D:3      | Found a burning altar of Makhleb.
  2969 | D:4      | Reached skill level 4 in Fighting
  2969 | D:4      | Reached skill level 5 in Short Blades
  2969 | D:4      | Reached XP level 6. HP: 25/33 MP: 7/7
  3111 | D:4      | Reached *** piety under Trog
  3430 | D:4      | Found Wyshroigu's Armour Shop.
  3516 | D:4      | Reached XP level 7. HP: 25/38 MP: 6/8
  3534 | D:4      | Reached skill level 6 in Short Blades
  3705 | D:4      | Found Qaasemeq's General Store.
  3778 | D:4      | Found Uthex's Jewellery Shoppe.
  3885 | D:5      | Entered Level 5 of the Dungeon
  3930 | D:5      | Reached skill level 5 in Fighting
  4636 | D:5      | Reached skill level 7 in Short Blades
  4668 | D:5      | Gained mutation: You have razor-sharp teeth. [Vine Stalker growth]
  4668 | D:5      | Reached XP level 8. HP: 16/43 MP: 6/9
  4672 | D:5      | HP: 11/44 [wight/enchanted dagger (1)]
  4679 | D:5      | HP: 9/44 [wight/enchanted dagger (4)]
  4680 | D:5      | Reached **** piety under Trog
  4930 | D:5      | Found a shimmering altar of Xom.
  5115 | D:5      | Reached skill level 8 in Short Blades
  5186 | D:6      | Reached skill level 6 in Fighting
  5233 | D:6      | Noticed Duvessa
  5278 | D:6      | Killed Duvessa
  5525 | D:6      | Reached XP level 9. HP: 41/49 MP: 7/10
  5575 | D:6      | Reached skill level 9 in Short Blades
  5803 | D:6      | Found a staircase to the Ecumenical Temple.
  5823 | D:6      | Noticed Dowan
  5842 | D:6      | Killed Dowan
  5884 | D:6      | Found a runed door.
  5907 | D:6      | Noticed Menkaure
  5913 | D:6      | Killed Menkaure
  6545 | D:7      | Reached skill level 7 in Fighting
  6787 | D:7      | Reached skill level 10 in Short Blades
  6885 | D:7      | Found a deep blue altar of Sif Muna.
  6912 | D:7      | Reached skill level 2 in Armour
  6912 | D:7      | Reached skill level 2 in Dodging
  7183 | D:7      | Reached ***** piety under Trog
  7445 | D:8      | Noticed a troll
  7453 | D:8      | Killed a troll
  7453 | D:8      | Reached XP level 10. HP: 35/56 MP: 6/11
  7458 | D:8      | Reached skill level 3 in Dodging
  7463 | D:8      | Reached skill level 3 in Armour
  7544 | D:8      | Reached skill level 8 in Fighting
  7583 | D:8      | Noticed a two-headed ogre
  7591 | D:8      | Killed a two-headed ogre
  7796 | D:8      | Reached skill level 4 in Dodging
  7813 | D:8      | Reached skill level 4 in Armour
  7930 | D:8      | Found a staircase to the Lair.
  7944 | D:8      | Found a basalt altar of Yredelemnul.
  8021 | D:8      | Received a gift from Trog
  8211 | D:8      | Reached skill level 9 in Fighting
  8257 | D:8      | Reached skill level 5 in Dodging
  8318 | D:8      | Reached skill level 5 in Armour
  8550 | D:8      | Reached XP level 11. HP: 56/62 MP: 12/12
  8891 | D:9      | Found a shattered altar of Ashenzari.
  9322 | D:8      | HP: 15/62 [killer bee (2)]
  9327 | D:8      | HP: 13/62 [poisoned by a killer bee]
  9332 | D:8      | HP: 12/62 [poisoned by a killer bee]
  9337 | D:8      | HP: 12/62 [poisoned by a killer bee]
  9342 | D:8      | HP: 13/62 [poisoned by a killer bee]
  9349 | D:8      | HP: 15/62 [poisoned by a killer bee]
  9701 | D:9      | Found a glowing golden altar of the Shining One.
  9833 | D:9      | HP: 15/62 [something (3)]
  9837 | D:9      | HP: 7/62 [something (3)]
  9838 | D:9      | HP: 1/62 [something (6)]
  9843 | D:9      | Noticed a red ugly thing
  9844 | D:9      | Slain by an unseen horror

Vault maps used:
D:1:      evilmike_arrival_plus
D:2:      overflow_temple_1_default, fedhas_altar_4
D:3:      lemuel_round_altar, minitemple, first_ration, minmay_misc_feat_tower,
          uniq_terence, uniq_jessica
D:4:      serial_shops, nicolae_shop_trees, shop_coins, shop
D:5:      nicolae_overflow_hidden_temple, dk_xom_monty_hall
D:6:      temple_green, patterned_corridor, uniq_duvessa,
          uniq_crazy_yiuf_cottage, uniq_menkaure
D:7:      nicolae_overflow_crystal_walls
D:8:      yredelemnul_altar_generic, due_lair_maze_entry_diamond,
          david_nohive_1, nicolae_two_hexagons
D:9:      minmay_the_grid_triangle_9x9_rhombus_thin_mashed,
          kennysheep_little_box, basic_altar

Skill      XL: |  1  2  3  4  5  6  7  8  9 10 |
---------------+-------------------------------+-----
Short Blades   | 3 4 5 7 8 10 | 10.0
Fighting       | 3 4 5 6 7 9 |  9.6
Armour         | 2 5 |  5.8
Dodging        | 2 5 |  5.8

Action                   |  1- 3 |  4- 6 |  7- 9 | 10-12 || total
-------------------------+-------+-------+-------+-------++-------
Melee: Short sword       |    23 |       |       |       ||    23
       Bite              |    37 |   110 |   206 |   143 ||   496
       Dagger            |   112 |   303 |   517 |   391 ||  1323
Throw: Javelin           |       |       |     7 |    61 ||    68
Invok: Berserk           |       |     1 |     1 |     1 ||     3
       Trog's Hand       |       |       |     1 |     1 ||     2
Evoke: Wand              |       |       |     3 |     2 ||     5
  Use: Scroll            |     3 |     2 |     7 |     8 ||    20
 Stab: Sleeping          |     3 |       |       |       ||     3
       Paralysed         |       |       |       |     2 ||     2
  Eat: Chunk             |     2 |     8 |    14 |     9 ||    33
Armor: Animal skin       |    25 |       |       |       ||    25
       Chain mail        |    24 |    93 |       |       ||   117
       Ring mail         |       |    15 |   119 |   116 ||   250
Dodge: Dodged            |    83 |   107 |   186 |   214 ||   590

Table legend:
 A = Spawn XP
 B = Non-spawn XP
 C = Spawn XP percentage of total XP
 D = Spawn monster count
 E = Non-spawn monster count
 F = Spawn count percentage of total count
 G = Total turns spent on level
                    A         B        C        D         E        F      G
               +---------+---------+-------+---------+---------+-------+---------
         Total |       0 |   11988 |   0.0 |       0 |     279 |   0.0 |  9844
               +---------+---------+-------+---------+---------+-------+---------
           D:1 |       0 |      45 |   0.0 |       0 |      27 |   0.0 |  1273
           D:2 |       0 |     170 |   0.0 |       0 |      30 |   0.0 |  1093
           D:3 |       0 |      71 |   0.0 |       0 |      15 |   0.0 |   654
           D:4 |       0 |     596 |   0.0 |       0 |      33 |   0.0 |   865
           D:5 |       0 |     876 |   0.0 |       0 |      30 |   0.0 |  1219
           D:6 |       0 |    1306 |   0.0 |       0 |      26 |   0.0 |  1157
           D:7 |       0 |    1483 |   0.0 |       0 |      27 |   0.0 |  1385
           D:8 |       0 |    4881 |   0.0 |       0 |      52 |   0.0 |  1238
           D:9 |       0 |    2560 |   0.0 |       0 |      39 |   0.0 |   960
               +---------+---------+-------+---------+---------+-------+---------

Vault maps used:
D:1:      evilmike_arrival_plus
D:2:      overflow_temple_1_default, fedhas_altar_4
D:3:      lemuel_round_altar, minitemple, first_ration, minmay_misc_feat_tower,
          uniq_terence, uniq_jessica
D:4:      serial_shops, nicolae_shop_trees, shop_coins, shop
D:5:      nicolae_overflow_hidden_temple, dk_xom_monty_hall
D:6:      temple_green, patterned_corridor, uniq_duvessa,
          uniq_crazy_yiuf_cottage, uniq_menkaure
D:7:      nicolae_overflow_crystal_walls
D:8:      yredelemnul_altar_generic, due_lair_maze_entry_diamond,
          david_nohive_1, nicolae_two_hexagons
D:9:      minmay_the_grid_triangle_9x9_rhombus_thin_mashed,
          kennysheep_little_box, basic_altar

Table legend:
 A = Turns spent in this place as a percentage of turns spent in the entire game.
 B = Non-inter-level travel turns spent in this place as a percentage of non-inter-level travel turns spent in the entire game.
 C = Inter-level travel turns spent in this place as a percentage of turns spent in this place.
 D = Turns resting spent in this place as a percentage of non-inter-level travel turns spent in this place.
 E = Turns spent auto-exploring this place as a percentage of non-inter-level travel turns spent in this place.
 F = Non-inter-level travel turns spent in this place divided by the number of levels of this place that you've seen.
                   A       B       C       D       E      F
               +-------+-------+-------+-------+-------+----------------------
         Total | 100.0 | 100.0 |   4.5 |  15.9 |  58.7 | 1044.1
       Dungeon | 100.0 | 100.0 |   4.5 |  15.9 |  58.7 | 1044.1
               +-------+-------+-------+-------+-------+----------------------

Table legend:
 A = Kills in this place as a percentage of kills in entire the game.
 B = Kills by you in this place as a percentage of kills by you in the entire game.
 C = Kills by friends in this place as a percentage of kills by friends in the entire game.
 D = Other kills in this place as a percentage of other kills in the entire game.
 E = Experience gained in this place as a percentage of experience gained in the entire game.
 F = Experience gained in this place divided by the number of levels of this place that you have seen.
                   A       B       C       D       E      F
               +-------+-------+-------+-------+-------+----------------------
         Total | 100.0 | 100.0 |   N/A |   N/A | 100.0 | 1332.0
       Dungeon | 100.0 | 100.0 |   N/A |   N/A | 100.0 | 1332.0
               +-------+-------+-------+-------+-------+----------------------
